 Dungeon Crawl Stone Soup version 0.30-a0-629-gd54f4be4f7 (webtiles) character file.

Game seed: 2268213584645845118

266 pyrow613 the Cudgeller (level 5, 0/41 HPs)
             Began as a Demigod Brigand on Jan 12, 2023.
             Slain by an ufetubus (3 damage)
             ... in a sewer.
             The game lasted 00:08:42 (2087 turns).

pyrow613 the Cudgeller (Demigod Brigand)            Turns: 2087, Time: 00:08:42

Health: 0/41       AC:  3    Str: 16    XL:     5   Next: 67%
Magic:  7/7        EV: 12    Int: 11    God:
Gold:   122        SH:  0    Dex: 18    Spells: 4/4 levels left

rFire   . . .      SeeInvis .    m - +5 mace of the Coward {venom, Int-2 Dex+3 Stlth+}
rCold   . . .      Faith    .    (no shield)
rNeg    . . .      Spirit   .    b - +0 robe
rPois   .          Reflect  .    (no helmet)
rElec   .          Harm     .    c - +0 cloak
rCorr   .          Rampage  .    (no gloves)
Will    .....                    (no boots)
Stlth   ++++                     (no amulet)
HPRegen 0.26/turn                (no ring)
MPRegen 0.10/turn                (no ring)

@: hasted, very quick
A: high MP 1, forlorn, divine attributes
a: no special abilities


You were in a sewer.
You visited 1 branch of the dungeon, and saw 4 of its levels.
You also visited: Sewer.

You collected 122 gold pieces.

Inventory:

Hand Weapons
 a - a +2 dagger
 j - a +5 scimitar
 m - the +5 mace of the Coward (weapon) {venom, Int-2 Dex+3 Stlth+}
   (You found it on level 2 of the Dungeon)

   Int:       It affects your intelligence (-2).
   Dex:       It affects your dexterity (+3).
   Stlth:     It makes you more stealthy.
 t - a +0 sling
Missiles
 d - 12 poisoned darts (quivered)
 e - 3 curare-tipped darts
Armour
 b - a +0 robe (worn)
 c - a +0 cloak (worn)
Scrolls
 h - a scroll of noise
 i - a scroll of identify
Potions
 f - a potion of mutation
 g - a potion of degeneration
 l - a potion of flight
 o - a potion of lignification {unknown}
 p - a potion of brilliance
 q - a potion of heal wounds {unknown}
 r - a potion of curing {unknown}


   Skills:
 - Level 2.2 Fighting
 - Level 2.1 Short Blades
 + Level 4.3 Maces & Flails
 - Level 2.1 Throwing
 - Level 1.5 Dodging
 - Level 3.9 Stealth


You had 4 spell levels left.
You didn't know any spells.
Your spell library was empty.

Dungeon Overview and Level Annotations

Branches:
Dungeon (4/15)              Sewer (1/1)
 Temple: D:4-7

Shops:
D:1 :

Annotations:
Sewer Grinder


Innate Abilities, Weirdness & Mutations

You have an increased reservoir of magic. (+10% MP)
You shall have no god before yourself.
Your divine heritage dramatically boosts your attributes as you level up.


Message History

A kobold comes into view. It is wielding a +0 short sword.
The kobold hits you but does no damage.
The kobold shouts!
You hit the kobold.
You kill the kobold!
An ufetubus comes into view.
Grinder blinks!
Things that are here:
a +0 dagger; a kobold corpse A kobold comes into view.
It is wielding a +0 dagger.
Grinder gestures at you. You resist with significant effort.
There is a dry fountain here.
The kobold hits you with a +0 short sword.
Grinder gestures at you.
You suddenly lose the ability to move!
The kobold hits you with a +0 short sword.
Grinder gestures at you. Pain shoots through your body!
The ufetubus hits you. x2; The kobold hits you but does no damage.
Grinder gestures at you.
You struggle to resist.
The ufetubus hits you but does no damage.
The ufetubus hits you. The ufetubus hits you.
The ufetubus hits you but does no damage.
The kobold hits you with a +0 short sword.
* * * LOW HITPOINT WARNING * * *
You can move again.
Unknown command.
Unknown command.
Okay, then.
It was a potion of haste.
You feel yourself speed up.
The ufetubus hits you but does no damage. x2
The kobold closely misses you. Grinder gestures at you.
Pain shoots through your body!
* * * LOW HITPOINT WARNING * * *
The ufetubus hits you.
You die...

≈≈≈≈≈≈≈≈.'.~≈#
≈≈≈≈≈≈≈..#.~≈# ~...~#
≈≈≈≈≈≈~~.#..≈# ≈...≈#
≈≈≈≈≈≈≈~.#..≈# ≈...~#
≈≈≈≈≈≈≈..#).≈###'''##
≈≈≈≈~~...#.≈≈##.....##
~###≈#.####.###..⌠...#≈≈
.......≈≈#..)#†....⌠.'..
......≈≈≈≈...))⌠@K...'..
.......≈~#...#...5.⌠.'K.
##≈###.####)###..⌠...#≈~
≈≈≈≈≈....#.)≈##.....##
≈≈≈≈≈≈≈..#.~≈###5''##
≈≈≈≈≈≈≈..#..≈##≈)..≈#
≈≈≈≈≈≈~~.#..≈##~...≈#
≈≈≈≈≈≈≈≈.#.~≈##≈...≈#
≈≈≈≈≈≈≈~.+..~##≈...≈#


You could see Grinder, an ufetubus and 2 kobolds.

Vanquished Creatures
  A phantom (Sewer)
  A wight (Sewer)
  An adder (D:2)
  A river rat (D:3)
  5 shadow imps (Sewer)
  2 ufetubi (Sewer)
  An adder zombie (Sewer)
  2 dart slugs (D:1)
  6 endoplasms
  2 giant cockroaches
  4 goblins (D:2)
  3 hobgoblins
  3 jackals (D:1)
  5 quokkas
  6 ball pythons
  7 bats
  A frilled lizard (D:1)
  A giant cockroach zombie (Sewer)
  11 kobolds
  8 rats
71 creatures vanquished.

Notes
Turn   | Place    | Note
-------+----------+-------------------------------------------
     0 | D:1      | pyrow613 the Demigod Brigand began the quest for the Orb.
     0 | D:1      | Reached XP level 1. HP: 17/17 MP: 3/3
    71 | D:1      | Reached skill level 1 in Dodging
   185 | D:1      | Reached XP level 2. HP: 24/24 MP: 4/4
   611 | D:1      | Found Ele Nuynen's Book Shoppe.
  1051 | D:2      | Reached XP level 3. HP: 29/29 MP: 5/5
  1086 | D:2      | Identified the +5 mace of the Coward {venom, Int-2 Dex+3
                  | Stlth+}
  1358 | D:2      | You fall into a shaft and drop 2 floors!
  1424 | D:3      | Reached skill level 1 in Maces & Flails
  1473 | D:3      | Found a glowing drain.
  1502 | D:3      | Noticed a steam dragon
  1531 | Sewer    | Entered a sewer
  1757 | Sewer    | Reached XP level 4. HP: 36/36 MP: 6/6
  1772 | Sewer    | Reached skill level 2 in Maces & Flails
  1857 | Sewer    | Reached skill level 3 in Maces & Flails
  1857 | Sewer    | Reached XP level 5. HP: 36/41 MP: 7/7
  1916 | Sewer    | Reached skill level 4 in Maces & Flails
  2078 | Sewer    | Noticed Grinder
  2083 | Sewer    | Paralysed by Grinder for 4 turns
  2087 | Sewer    | Slain by an ufetubus

Illustrated notes

Levels and vault maps discovered:
D:1:      dpeg_arrival_boxorama, layout_basic,
          ebering_ecumenical_altar_petrified, serial_shops, nicolae_shop_trees,
          chequers_jeans, chequers_garden
D:2:      layout_basic, serial_shops, nicolae_shop_trees, fountainhead,
          chequers_serial_rivers_micro_a, roderic_roman_lattice,
          minmay_split_cup_small
D:3:      layout_loops_ring, portal_sewer_entry_a
D:4:      minmay_spotlight, layout_gridville, minmay_temple_entry_proselytizer,
          minmay_box_of_dots
Sewer:    kennysheep_sewer_church

Skill      XL: |  1  2  3  4  5 |
---------------+----------------+-----
Dodging        | 1 |  1.5
Short Blades   | 2 |  2.1
Fighting       | 2 |  2.2
Throwing       | 2 |  2.1
Maces & Flails | 1 3 4 |  4.3
Stealth        | |  3.9

Action                   |  1- 3 |  4- 6 || total
-------------------------+-------+-------++-------
Melee: Dagger            |    81 |       ||    81
       Punch             |     1 |       ||     1
       Mace              |    45 |    67 ||   112
Throw: Dart              |     2 |       ||     2
  Use: Scroll            |     8 |       ||     8
       Potion            |       |     1 ||     1
 Stab: Sleeping          |    13 |     1 ||    14
Armor: Robe              |    37 |    25 ||    62
Dodge: Dodged            |   103 |    64 ||   167

Table legend: (Time is in decaauts)
 A = Elapsed time spent in this place.
 B = Non-inter-level travel time spent in this place.
 C = Inter-level travel time spent in this place.
 D = Time resting spent in this place.
 E = Time spent auto-exploring this place.
 F = Levels seen in this place.
 G = Mean time per level.
                   A        B        C        D        E       F      G
               +--------+--------+--------+--------+--------+-----+--------+
         Total |   2116 |   2059 |     57 |    246 |   1221 |   5 |  423.2 |
       Dungeon |   1537 |   1480 |     57 |      0 |   1075 |   4 |  384.2 |
         Sewer |    578 |    578 |      0 |    246 |    146 |   1 |  578.0 |
               +--------+--------+--------+--------+--------+-----+--------+

Top non-repeatable levels by time:
     D:1: 1038 daAuts
   Sewer: 578 daAuts
     D:2: 317 daAuts
     D:3: 171 daAuts
     D:4: 9 daAuts
